 Dungeon Crawl Stone Soup version 0.27-a0-1144-g0b7d3b79db (webtiles) character file.

Game seed: 628220700430021914

11294 siradein the Cruncher (level 11, 0/78 HPs)
             Began as a Demonspawn Gladiator on May 11, 2021.
             Was an Elder of Nemelex Xobeh.
             Slain by a cane toad (17 damage)
             ... on level 1 of the Lair of Beasts.
             The game lasted 00:55:39 (12452 turns).

siradein the Cruncher (Demonspawn Gladiator)       Turns: 12452, Time: 00:55:40

Health: 0/78       AC: 11    Str: 17    XL:     11   Next: 47%
Magic:  15/15      EV: 11    Int:  9    God:    Nemelex Xobeh [****..]
Gold:   563        SH: 11    Dex: 16    Spells: 10/10 levels left

rFire    . . .     SeeInvis .   x - +1 spear (venom)
rCold    . . .     Faith    .   B - +2 kite shield
rNeg     . . .     Spirit   .   p - +0 troll leather armour {Purgy}
rPois    .         Reflect  .   c - +0 helmet
rElec    .         Harm     .   b - +2 cloak
rCorr    .         Rampage  .   N - +0 pair of gloves
Will     +....                  (no boots)
Stlth    +.........             k - amulet of the acrobat
HPRegen  1.23/turn              L - ring of willpower
MPRegen  0.14/turn              (no ring)

@: lethally poisoned (0 -> -4), marked
A: hooves 1, icy blue scales 1, powered by death 2, demonic magic 1
a: Renounce Religion, Draw Escape, Draw Destruction, Draw Summoning, Triple
Draw, Deal Four


You were on level 1 of the Lair of Beasts.
You worshipped Nemelex Xobeh.
Nemelex Xobeh was greatly pleased with you.
You visited 3 branches of the dungeon, and saw 13 of its levels.
You also visited: Sewer and Ossuary.

You collected 788 gold pieces.
You spent 225 gold pieces at shops.

Inventory:

Hand Weapons
 a - a +0 quarterstaff
 u - a +2 whip of venom
 x - a +1 spear of venom (weapon)
 y - a +0 arbalest
Missiles
 d - 2 throwing nets (quivered)
 e - 98 bolts
 f - 9 atropa-tipped darts
 P - a curare-tipped dart
Armour
 b - a +2 cloak (worn)
 c - a +0 helmet (worn)
 p - a +0 troll leather armour (worn) {Purgy}
 B - a +2 kite shield (worn)
 N - a +0 pair of gloves (worn)
 Q - the +3 hat of Pondering {ponderous, Will+ MP+10 Int+5}
   (You took it off Gastronok on level 9 of the Dungeon)

   It affects your intelligence (+5).
   It affects your magic capacity (+10).
   It increases your willpower.
Jewellery
 k - an amulet of the acrobat (around neck)
 L - a ring of willpower (left hand)
Wands
 l - a wand of acid (12)
 q - a wand of flame (68)
 r - a wand of polymorph (14)
 D - a wand of paralysis (17)
 O - a wand of iceblast (9)
Scrolls
 g - 2 scrolls of fog {unknown}
 h - 5 scrolls of teleportation {unknown}
 i - a scroll of enchant weapon {unknown}
 m - 2 scrolls of noise {unknown}
 n - 3 scrolls of immolation
 v - 3 scrolls of magic mapping {unknown}
 w - 3 scrolls of amnesia {unknown}
 A - a scroll of fear {unknown}
 F - a scroll of blinking {unknown}
 K - a scroll of vulnerability {unknown}
 M - a scroll of enchant armour {unknown}
 R - 3 scrolls of torment {unknown}
Potions
 j - 3 potions of mutation
 o - 2 potions of flight
 s - 3 potions of ambrosia
 t - 2 potions of cancellation
 z - 8 potions of curing
 C - 2 potions of might
 E - 2 potions of heal wounds
 G - a potion of lignification {unknown}
 H - a potion of brilliance {unknown}
 I - 3 potions of attraction {unknown}
 J - 2 potions of invisibility {unknown}


   Skills:
 + Level 4.8 Fighting
 + Level 3.1(9.8) Polearms
 - Level 14.0(14.1) Staves
 - Level 1.7 Throwing
 + Level 4.9 Dodging
 + Level 3.8 Shields
 + Level 5.7 Invocations


You had 10 spell levels left.
You didn't know any spells.
Your spell library contained the following spells:

 Spells                   Type           Power      Damage    Failure   Level
 Animate Skeleton         Necr           0%         N/A       91%         1
 Corona                   Hex            0%         N/A       91%         1
 Freeze                   Ice            0%         1d3       91%         1
 Pain                     Necr           0%         1d4       91%         1
 Ensorcelled Hibernation  Hex/Ice        0%         N/A       97%         2
 Confusing Touch          Hex            0%         N/A       99%         3
 Dazzling Flash           Conj/Hex       0%         N/A       99%         3
 Frozen Ramparts          Ice            0%         1d2       99%         3
 Ozocubu's Armour         Ice            0%         N/A       99%         3
 Tukima's Dance           Hex            0%         N/A       99%         3
 Vampiric Draining        Necr           0%         2d6       99%         3
 Animate Dead             Necr           0%         N/A       100%        4
 Hailstorm                Conj/Ice       0%         3d3       100%        4
 Agony                    Necr           0%         N/A       100%        5
 Metabolic Englaciation   Hex/Ice        0%         N/A       100%        5


Dungeon Overview and Level Annotations

Branches:
Dungeon (11/15)            Temple (1/1) D:4            Lair (1/6) D:9
  Sewer (visited)         Ossuary (visited)
    Orc: D:9-12

Altars:
Ashenzari
Cheibriados
Dithmenos
Elyvilon
Fedhas
Gozag
Hepliaklqana
Kikubaaqudgha
Makhleb
Nemelex Xobeh
Okawaru
Qazlal
Ru
Sif Muna
Trog
Uskayaw
Vehumet
Wu Jian
Xom
Yredelemnul
Zin
The Shining One

Shops:
D:7 [[

Annotations:
D:9 2 transporters, Demosthentine's ghost, journeyman MfGl


Innate Abilities, Weirdness & Mutations

You have large cloven feet.
You are partially covered in icy blue scales. (AC +2)
You regenerate health from kills.
Spells you cast may paralyse adjacent enemies.


Message History

The cane toad stings you.
You are poisoned.
The cane toad poisons you!
You hit the cane toad but do no damage.
The cane toad is poisoned.
You kick the cane toad.
The cane toad is moderately wounded.
You feel very sick. You block the cane toad's attack.
You hit the cane toad.
The cane toad is moderately wounded.
You feel sick.
The cane toad stings you but does no damage.
You puncture the cane toad!
The cane toad is heavily wounded.
You feel very sick. The cane toad stings you!
Your shield prevents you from hitting the cane toad.
The cane toad is heavily wounded.
You feel sick. The cane toad stings you!
You are more poisoned.
The cane toad poisons you!
You barely miss the cane toad.
The cane toad is heavily wounded.
You feel very sick. The cane toad stings you!
You are too injured to fight recklessly!
You hit the cane toad.
The cane toad is severely wounded.
You feel very sick. You block the cane toad's attack.
You hit the cane toad but do no damage. You kick the cane toad.
The cane toad is severely wounded.
You feel very sick. You block the cane toad's attack.
You barely miss the cane toad.
The cane toad is severely wounded.
You feel very sick. The cane toad stings you!
You die...
Your body disappears without a glow.

............. ........
............ .......
......... ..##.....#
......... ..#......#
#........ .........#
#........ .##......##
......... .......F.P#
........ .......@.#
........ .........#
....##.. .#.......#
#..###.. #####..###
#F.##...
.###....#######.......
$..........##.##........
....................#...
.............†....#.#...
..#P#...###.##...#..#...


You could see a cane toad (poisoned).

Vanquished Creatures
  Gastronok (D:9)
  A boulder beetle (D:8)
  2 two-headed ogres
  A manticore (D:10)
  2 komodo dragons
  A troll (D:11)
  A hornet (D:9)
  A vampire (D:9)
  A wraith (D:10)
  2 wyverns
  10 yaks
  4 vampire mosquitoes
  2 steam dragons
  2 water moccasins (D:8)
  2 orc warriors
  2 ice beasts
  A black bear (D:4)
  Purgy (Sewer)
  A sky beast (D:6)
  A necrophage (D:6)
  2 ogres
  3 centaurs
  A phantom (D:4)
  A kobold brigand (D:9)
  4 bullfrogs
  A wyvern zombie (D:7)
  A gnoll sergeant (D:8)
  A scorpion (D:7)
  A water moccasin zombie (D:5)
  A wyvern skeleton (D:7)
  3 killer bees
  A wight (D:5)
  3 howler monkeys
  A bullfrog zombie (D:6)
  3 centaur zombies
  3 iron imps (D:3)
  A jelly (D:6)
  5 hounds
  3 orc priests
  3 gnoll shamans
  A bullfrog skeleton (D:7)
  4 iguanas
  7 orc wizards
  8 mummies (Ossuary)
  13 adders
  21 gnolls
  4 river rats (D:3)
  2 white imps
  An ufetubus (D:6)
  4 worms (D:3)
  4 dart slugs
  29 orcs
  3 bats
  5 endoplasms
  3 giant cockroaches
  2 gnoll zombies (Ossuary)
  6 hobgoblins
  4 jackals (D:4)
  2 quokkas
  12 ball pythons
  A frilled lizard (Sewer)
  8 goblins
  3 hobgoblin zombies (Ossuary)
  14 kobolds
  2 kobold zombies (Ossuary)
  An orc zombie (Ossuary)
  7 rats
  A toadstool (D:1)
253 creatures vanquished.

Vanquished Creatures (others)
  2 fungi (D:9)
  9 plants
  3 toadstools (D:1)
14 creatures vanquished.

Grand Total: 267 creatures vanquished

Notes
Turn   | Place    | Note
-------+----------+-------------------------------------------
     0 | D:1      | siradein the Demonspawn Gladiator began the quest for the
                  | Orb.
     0 | D:1      | Reached XP level 1. HP: 16/16 MP: 1/1
   286 | D:1      | Reached skill level 3 in Staves
   611 | D:1      | Gained mutation: You have large cloven feet. [demonic
                  | ancestry]
   611 | D:1      | Reached XP level 2. HP: 22/22 MP: 2/2
   982 | D:1      | Reached XP level 3. HP: 22/27 MP: 3/3
  1572 | D:2      | Reached skill level 4 in Staves
  1807 | D:2      | Found a faded altar of an unknown god.
  2199 | D:3      | Gained mutation: You regenerate a little health from kills.
                  | [demonic ancestry]
  2199 | D:3      | Reached XP level 4. HP: 12/33 MP: 4/4
  2239 | D:3      | Noticed an ogre
  2306 | D:3      | Killed an ogre
  2307 | D:3      | Reached skill level 5 in Staves
  2307 | D:3      | Reached XP level 5. HP: 13/38 MP: 5/5
  2437 | D:3      | Found a glowing drain.
  2444 | Sewer    | Entered a sewer
  2647 | Sewer    | Noticed Purgy
  2656 | Sewer    | Killed Purgy
  2657 | Sewer    | Reached skill level 6 in Staves
  2657 | Sewer    | Reached XP level 6. HP: 44/44 MP: 6/6
  2894 | D:3      | Found a shimmering altar of Xom.
  2976 | D:3      | Found a radiant altar of Vehumet.
  2978 | D:3      | Found a broken altar of Ashenzari.
  3146 | D:3      | Found a snail-covered altar of Cheibriados.
  3288 | D:3      | Found a burning altar of Makhleb.
  3369 | D:3      | Reached skill level 7 in Staves
  3649 | D:4      | Reached XP level 7. HP: 48/50 MP: 7/7
  3862 | D:4      | Found a staircase to the Ecumenical Temple.
  3897 | D:4      | Reached skill level 8 in Staves
  3923 | Temple   | Entered the Ecumenical Temple
  4009 | Temple   | Became a worshipper of Nemelex Xobeh the Trickster
  4218 | D:5      | Entered Level 5 of the Dungeon
  4826 | D:5      | Reached skill level 9 in Staves
  4826 | D:5      | Gained mutation: You are partially covered in icy blue
                  | scales. (AC +2) [demonic ancestry]
  4826 | D:5      | Reached XP level 8. HP: 43/56 MP: 8/8
  4843 | D:5      | Reached * piety under Nemelex Xobeh
  5252 | D:5      | Found a shadowy altar of Dithmenos.
  5613 | D:6      | Received a gift from Nemelex Xobeh
  5652 | D:6      | Found a sand-covered staircase.
  5661 | Ossuary  | Entered an ossuary
  5687 | Ossuary  | Reached skill level 10 in Staves
  6627 | D:6      | Reached skill level 11 in Staves
  6869 | D:6      | Gained mutation: Spells you cast may paralyse adjacent
                  | enemies. [demonic ancestry]
  6869 | D:6      | Reached XP level 9. HP: 56/61 MP: 9/9
  7187 | D:7      | Found Lufe Godd's Antique Armour Shoppe.
  7193 | D:7      | Bought a runed cloak for 225 gold pieces
  7237 | D:7      | Reached ** piety under Nemelex Xobeh
  7473 | D:7      | Found a basalt altar of Yredelemnul.
  7564 | D:7      | Found Duffol's Armour Shoppe.
  7924 | D:8      | Reached skill level 12 in Staves
  8096 | D:8      | Noticed a boulder beetle
  8116 | D:8      | Killed a boulder beetle
  8185 | D:8      | Reached skill level 13 in Staves
  8607 | D:8      | Found a blossoming altar of Fedhas.
  8615 | D:8      | Reached *** piety under Nemelex Xobeh
  8624 | D:8      | Gained mutation: You regenerate health from kills. [demonic
                  | ancestry]
  8624 | D:8      | Reached XP level 10. HP: 48/67 MP: 10/10
  8917 | D:8      | Received a gift from Nemelex Xobeh
  9132 | D:9      | Found a staircase to the Lair.
  9270 | D:9      | Received a gift from Nemelex Xobeh
  9405 | D:9      | Noticed a two-headed ogre
  9411 | D:9      | Killed a two-headed ogre
  9475 | D:9      | Found a transporter.
  9494 | D:9      | Found a transporter.
  9530 | D:9      | Noticed Gastronok
  9567 | D:9      | Killed Gastronok
  9568 | D:9      | Reached skill level 14 in Staves
  9568 | D:9      | Reached skill level 1 in Shields
  9585 | D:9      | Noticed Demosthentine's ghost (journeyman MfGl)
  9589 | D:9      | Reached **** piety under Nemelex Xobeh
  9923 | D:8      | Reached skill level 1 in Polearms
 10296 | D:10     | Entered Level 10 of the Dungeon
 10442 | D:9      | Reached XP level 11. HP: 31/76 MP: 13/13
 10727 | D:9      | Received a gift from Nemelex Xobeh
 11211 | D:10     | Found an ancient bone altar of Kikubaaqudgha.
 11437 | D:11     | Noticed a skeletal warrior
 11526 | D:10     | Reached skill level 5 in Invocations
 11646 | D:11     | Noticed a six-headed hydra
 11648 | D:11     | Noticed a two-headed ogre
 12102 | D:11     | Noticed a four-headed hydra
 12102 | D:11     | Noticed a deep elf pyromancer
 12102 | D:11     | Noticed a deep troll
 12102 | D:11     | Noticed a centaur warrior
 12103 | D:11     | Noticed a tengu reaver
 12207 | D:10     | Killed a two-headed ogre
 12340 | Lair:1   | Entered Level 1 of the Lair of Beasts
 12421 | Lair:1   | Received a gift from Nemelex Xobeh
 12452 | Lair:1   | Slain by a cane toad

Illustrated notes

Levels and vault maps discovered:
D:1:      ldierk_water_garden, layout_loops_cross,
          hangedman_decor_clover_reticule, serial_bayou_ford_a,
          minmay_misc_feat_encased
D:2:      layout_basic, hellmonk_ecumenical_altar_crossroads
D:3:      layout_rooms, lemuel_doored_altar, demons_altar,
          vehumet_altar_wand_db, cheibrodos_ashenzari_chains,
          nicolae_overflow_crystal_walls, lightli_sewer_entry_pipes
D:4:      layout_cave_pools, minmay_temple_entry_waves
D:5:      minmay_diamond_boxcup, layout_basic, overflow_temple_1_default
D:6:      layout_cave_pods, nicolae_ossuary_entry_ruins
D:7:      layout_basic, chequers_temple_overflow_statue_of_worship,
          serial_shops, shop, shop
D:8:      layout_loops_corners, fedhas_altar_1, nicolae_elyvilon_peaceful_grove
D:9:      layout_gridville, dpeg_oklobed_lair, gammafunk_ghost_hive,
          hangedman_abyss_or_decor_stabs, uniq_gastronok
D:10:     layout_basic, kennysheep_little_box, kennysheep_nub
D:11:     nzn_winding_woodlands_cross
          [nzn_winding_woodlands_5x15_pathside_ponds,
          nzn_winding_woodlands_5x15_pool, nzn_winding_woodlands_5x15_longhouse,
          nzn_winding_woodlands_5x15_garden,
          nzn_winding_woodlands_15x15_killbox], layout_loops_cross
Temple:   jpeg_temple_clearing
Lair:1:   gammafunk_boulding_lane, layout_gridlike, uniq_urug

Skill      XL: |  1  2  3  4  5  6  7  8  9 10 11 |
---------------+----------------------------------+-----
Staves         | 3 4 5 6 7 9 11 13 14 | 14.0
Fighting       | 3 4 |  4.8
Dodging        | 3 4 |  4.9
Shields        | 2 3 |  3.8
Invocations    | 3 5 |  5.7
Polearms       | 1 3 |  3.1
Throwing       | |  1.7

Action                   |  1- 3 |  4- 6 |  7- 9 | 10-12 || total
-------------------------+-------+-------+-------+-------++-------
Melee: Quarterstaff      |    99 |   175 |   138 |       ||   412
       Kick              |    15 |    43 |   172 |   172 ||   402
       Spear             |       |       |   377 |   486 ||   863
Throw: Throwing net      |       |     1 |       |       ||     1
Invok: Draw Destruction  |       |       |       |     9 ||     9
Evoke: Wand              |       |       |     1 |       ||     1
  Use: Scroll            |       |       |     6 |     3 ||     9
 Stab: Held in net/web   |       |     1 |       |       ||     1
       Sleeping          |       |     1 |     3 |     1 ||     5
       Distracted        |       |     1 |       |       ||     1
       Paralysed         |       |       |    11 |       ||    11
Armor: Leather armour    |    22 |     7 |       |       ||    29
       Troll leather arm |       |    16 |   122 |   157 ||   295
Dodge: Dodged            |    53 |   122 |   252 |   254 ||   681
Block: Kite shield       |       |       |   115 |   306 ||   421

Table legend: (Time is in decaauts)
 A = Elapsed time spent in this place.
 B = Non-inter-level travel time spent in this place.
 C = Inter-level travel time spent in this place.
 D = Time resting spent in this place.
 E = Time spent auto-exploring this place.
 F = Levels seen in this place.
 G = Mean time per level.
                   A        B        C        D        E       F      G
               +--------+--------+--------+--------+--------+-----+--------+
         Total |  12547 |  12214 |    333 |    298 |   7943 |  15 |  836.5 |
       Dungeon |  11771 |  11438 |    333 |    298 |   7390 |  11 | 1070.1 |
        Temple |    102 |    102 |      0 |      0 |     82 |   1 |  102.0 |
          Lair |    107 |    107 |      0 |      0 |     73 |   1 |  107.0 |
         Sewer |    332 |    332 |      0 |      0 |    276 |   1 |  332.0 |
       Ossuary |    233 |    233 |      0 |      0 |    122 |   1 |  233.0 |
               +--------+--------+--------+--------+--------+-----+--------+

Top non-repeatable levels by time:
     D:9: 1792 daAuts
     D:1: 1536 daAuts
     D:5: 1327 daAuts
     D:8: 1320 daAuts
     D:6: 1161 daAuts
    D:10: 1135 daAuts
     D:3: 1125 daAuts
     D:7: 966 daAuts
     D:2: 612 daAuts
     D:4: 578 daAuts
   Sewer: 332 daAuts
 Ossuary: 233 daAuts
    D:11: 215 daAuts
  Lair:1: 107 daAuts
  Temple: 102 daAuts
